 Dungeon Crawl Stone Soup version 0.20.0-8-g6b59dc7 (webtiles) character file.

55741 Monsterracer the Bludgeoner (level 14, -10/81 HPs)
             Began as a Gargoyle Summoner on June 2, 2017.
             Was the Champion of Hepliaklqana.
             Killed from afar by Azrael (31 damage)
             ... with damnation
             ... on level 12 of the Dungeon.
             The game lasted 00:52:33 (19808 turns).

Monsterracer the Bludgeoner (Gargoyle Summoner)    Turns: 19808, Time: 00:52:34

Health: -10/81     AC: 37    Str: 17    XL:     14   Next: 78%
Magic:  29/29      EV:  9    Int: 18    God:    Hepliaklqana [******]
Gold:   1196       SH:  0    Dex: 10    Spells: 14/17 levels left

rFire    + . .     SeeInvis .   w - +0 morningstar (drain)
rCold    . . .     Gourm    .   (no shield)
rNeg     + . .     Faith    .   J - +3 plate armour {rF+}
rPois    ∞         Spirit   .   (no helmet)
rElec    +         Reflect  .   h - +2 cloak
rCorr    .         Harm     .   I - +1 pair of gloves
MR       ++...     Rnd*Rage +   o - +2 pair of boots
Stlth    ..........             (no amulet)
Regen    0.3/turn               t - ring of magical power
MPRegen  0.3/turn               A - ring of protection from magic

@: flying, hasted, very quick
A: reduced essence, big wings, berserk 1, mutation resistance 1, negative energy
resistance 1, electricity resistance, strong 1, unbreathing, petrification
resistance, rot immunity, AC +9
a: Stop Flying, Recall Ancestor, Ancestor Identity, Transference, Idealise,
Renounce Religion


You were on level 12 of the Dungeon.
You worshipped Hepliaklqana.
Hepliaklqana was exalted by your worship.
You were near starving.

You visited 2 branches of the dungeon, and saw 18 of its levels.

You collected 1340 gold pieces.
You spent 144 gold pieces at shops.

Inventory:

Hand Weapons
 w - a +0 morningstar of draining (weapon)
Armour
 f - a +0 large shield
 h - a +2 cloak (worn)
 o - a +2 pair of boots (worn)
 F - +0 acid dragon scales
 I - a +1 pair of gloves (worn)
 J - a +3 plate armour of fire resistance (worn)
Jewellery
 t - a ring of magical power (left hand)
 A - a ring of protection from magic (right hand)
Wands
 l - a wand of iceblast (5/15)
 y - a wand of digging (12/24)
 D - a wand of digging (9/24)
 H - a wand of digging (6/24)
Scrolls
 b - 14 scrolls of teleportation
 e - 6 scrolls of recharging
 i - 3 scrolls of enchant weapon
 k - 6 scrolls of identify
 m - 11 scrolls of remove curse
 p - a scroll of brand weapon
 s - 4 scrolls of fear
 u - 3 scrolls of magic mapping
 C - 3 scrolls of fog
Potions
 d - 8 potions of curing
 j - 3 potions of flight
 n - 2 potions of haste
 r - 3 potions of heal wounds
 x - 2 potions of invisibility
 z - 3 potions of mutation
 E - 2 potions of brilliance
Comestibles
 c - 15 bread rations
 g - 10 meat rations
 q - 7 royal jellies
 G - 7 fruits


   Skills:
 + Level 11.7 Fighting
 * Level 15.3 Maces & Flails
 + Level 11.5 Armour
 + Level 9.5 Dodging
 - Level 2.1 Stealth
 - Level 2.0 Spellcasting
   Level 3.6 Summonings
 - Level 8.0 Invocations


You had 14 spell levels left.
You knew the following spells:

 Your Spells              Type           Power        Failure   Level  Hunger
a - Regeneration          Chrm/Necr      #.........   100%        3    ###....


Dungeon Overview and Level Annotations

Branches:
Dungeon (12/15)            Temple (0/1) D:5            Lair (6/6) D:11
  Swamp (0/4) Lair:2       Spider (0/4) Lair:3        Slime (0/5) Lair:6
    Orc: D:9-12

Altars:
Ashenzari
Cheibriados
Elyvilon
Fedhas
Gozag
Hepliaklqana
Nemelex Xobeh
Okawaru
Qazlal
Trog
Uskayaw
Vehumet
Yredelemnul
Zin
Jiyva

Shops:
D:4 :((}   D:9 !

Annotations:
D:12 Azrael
Lair:4 exclusion: 2 oklob plants


Innate Abilities, Weirdness & Mutations

You are resistant to torment.
Your stone body is resilient. (AC +9)
You are immune to poison.
Your large and strong wings let you fly indefinitely.
You resist negative energy. (rN+)
You are resistant to electric shocks. (rElec)
You can survive without breathing.
You are immune to petrification.
You are immune to rotting.
Your life essence is reduced. (-10% HP)
You tend to lose your temper in combat.
You are somewhat resistant to further mutation.
Your muscles are strong. (Str +2)


Message History

You hear a shout!
You feel much better. Azrael misses you.
You hit Azrael but do no damage.
Azrael is heavily wounded.
A troll comes into view.
You feel yourself speed up. Azrael gestures at you. The bolt of fire hits you!
You thump Azrael!
Azrael is severely wounded.
Azrael gestures at you. The bolt of fire hits you! You resist.
* * * LOW HITPOINT WARNING * * *
You hit Azrael but do no damage.
Azrael is severely wounded.
You puncture Azrael!
Azrael is severely wounded.
Azrael gestures at you.
The sphere of damnation explodes!
The damnation engulfs you!
You die...

#.# #.# ###.#
#######...#
#.../...#.#
#...##..#.#
..#...†.....#
......##†#..#
####.o.@.#..#
#+###R##.#
$T....
...#..# ....#
.# ....# #
.....# ..#


You could see Azrael, a troll and an orc.

Vanquished Creatures
  Kirke (Lair:5)
  The ghost of Artagas the Warrior, a journeyman MiBe of Trog (Lair:4)
  A fire dragon (Lair:6)
  2 hydras
  A two-headed ogre (D:8)
  The ghost of no0bjke the Cleaver, a novice GrFi of Okawaru (D:8)
  A swamp dragon (Lair:6)
  A cyclops (D:11)
  A wolf spider (Lair:6)
  An oklob plant (Lair:4)
  8 elephants
  7 black mambas
  A guardian serpent (Lair:6)
  17 spiny frogs
  6 komodo dragons
  4 rime drakes
  A kobold demonologist (D:11)
  A polar bear (Lair:6)
  3 hornets (Lair:6)
  A troll (D:10)
  6 blink frogs
  9 hippogriffs
  Grinder (D:5)
  6 dream sheep (Lair:6)
  A redback (Lair:6)
  10 wyverns
  2 hogs (Lair:5)
  4 basilisks
  46 yaks
  A steam dragon (Lair:6)
  4 fire elementals (D:12)
  19 water moccasins
  2 acid dragons
  A soldier ant (D:10)
  4 porcupines
  A black bear (D:11)
  3 hell hounds (D:12)
  An orc warrior (D:11)
  An ice beast (D:7)
  2 ogres
  A sky beast (D:8)
  A phantom (D:10)
  18 wolves
  6 centaurs (D:11)
  11 crocodiles
  A big kobold (D:6)
  15 bullfrogs
  A hexer (Lair:6)
  3 scorpions
  7 killer bees
  4 howler monkeys
  5 wights
  3 electric eels
  A crimson imp (D:10)
  A centaur zombie (D:6)
  A quasit (D:8)
  6 hounds
  2 jellies
  2 orc priests (D:7)
  A centaur skeleton (D:4)
  3 iguanas
  Jessica (D:2)
  10 worker ants
  Ijyb (D:5)
  4 orc wizards
  A killer bee zombie (D:5)
  A hound skeleton (D:10)
  A worker ant zombie (D:10)
  A howler monkey skeleton (D:5)
  7 adders
  A shadow imp (D:8)
  2 oozes (Lair:6)
  2 adder skeletons
  2 worms
  3 dart slugs
  5 leopard geckos
  13 orcs
  A ball python (D:3)
  4 giant cockroaches
  12 goblins
  7 hobgoblins
  12 jackals
  10 kobolds
  6 quokkas
  4 bats
  2 frilled lizards
  A giant cockroach zombie (D:5)
  A jackal zombie (D:7)
  6 rats
398 creatures vanquished.

Vanquished Creatures (collateral kills)
  A two-headed ogre (D:10)
  An ugly thing (D:11)
  An oklob plant (Lair:4)
  4 black mambas
  Joseph (D:6)
  7 spiny frogs
  3 komodo dragons
  A rime drake (Lair:3)
  Prince Ribbit (D:7)
  2 hippogriffs
  A dream sheep (Lair:6)
  3 blink frogs
  Sigmund (D:5)
  4 yaks
  A wyvern (Lair:6)
  A steam dragon (Lair:6)
  A basilisk (Lair:2)
  A hell hound (D:12)
  6 water moccasins
  2 orc warriors
  A phantom (D:10)
  A sky beast (D:10)
  6 ogres
  A wolf (Lair:6)
  4 crocodiles
  3 bullfrogs
  The ghost of greprep the Sneak, an amateur SpEn (D:3)
  2 killer bees (D:10)
  3 wights
  2 howler monkeys (D:11)
  An electric eel (Lair:4)
  A crimson imp (D:6)
  A centaur zombie (D:7)
  An orc priest (D:7)
  A bullfrog skeleton (D:5)
  2 jellies
  2 orc wizards (D:7)
  2 worker ants
  4 adders
  A shadow imp (D:7)
  An adder skeleton (D:4)
  2 leopard geckos
  7 orcs
  2 giant cockroaches (Lair:3)
  3 goblins
  A hobgoblin (D:2)
  2 jackals
  4 kobolds
  A ball python (D:3)
  A bat (D:3)
  A frilled lizard (D:5)
108 creatures vanquished.

Vanquished Creatures (others)
  A steam dragon (Lair:6)
  An iguana (Lair:6)
  14 hexers
  An ancestor (D:3)
  20 fungi
  41 plants
78 creatures vanquished.

Grand Total: 584 creatures vanquished

Notes
Turn   | Place    | Note
-------+----------+-------------------------------------------
     0 | D:1      | Monsterracer the Gargoyle Summoner began the quest for the Orb.
     0 | D:1      | Reached XP level 1. HP: 10/10 MP: 3/3
   347 | D:1      | Reached skill level 1 in Maces & Flails
   413 | D:1      | Reached XP level 2. HP: 14/15 MP: 5/5
   518 | D:1      | Reached skill level 2 in Maces & Flails
   997 | D:2      | Reached XP level 3. HP: 19/19 MP: 6/6
  1078 | D:2      | Noticed Jessica
  1085 | D:2      | Killed Jessica
  1085 | D:2      | Reached skill level 3 in Maces & Flails
  1205 | D:2      | Found a hazy altar of Hepliaklqana.
  1231 | D:2      | Reached XP level 4. HP: 18/24 MP: 7/7
  1243 | D:2      | Became a worshipper of Hepliaklqana the Forgotten
  1393 | D:2      | Found an opulent altar of Gozag.
  1393 | D:2      | Found a basalt altar of Yredelemnul.
  1464 | D:2      | Found a faded altar of an unknown god.
  1520 | D:2      | Reached skill level 4 in Maces & Flails
  1889 | D:3      | Found a bloodstained altar of Trog.
  2013 | D:3      | Reached * piety under Hepliaklqana
  2063 | D:3      | Noticed greprep's ghost (amateur SpEn)
  2075 | D:3      | Killed greprep's ghost
  2075 | D:3      | Reached skill level 5 in Maces & Flails
  2075 | D:3      | Reached XP level 5. HP: 25/25 MP: 8/8
  2352 | D:3      | Reached XP level 6. HP: 26/29 MP: 9/9
  2395 | D:3      | Reached skill level 1 in Fighting
  2802 | D:4      | Reached skill level 1 in Armour
  2837 | D:4      | Found Hiumotau's Antique Weapon Emporium.
  2840 | D:4      | Found Soery's Book Boutique.
  3008 | D:4      | Reached ** piety under Hepliaklqana
  3009 | D:4      | Remembered your ancestor Merenptah as a hexer
  3028 | D:4      | You fall through a shaft for 3 floors!
  3028 | D:7      | Noticed an ice beast
  3039 | D:7      | Killed an ice beast
  3039 | D:7      | Reached skill level 6 in Maces & Flails
  3039 | D:7      | Reached XP level 7. HP: 36/36 MP: 8/10
  3073 | D:7      | Noticed a hippogriff
  3090 | D:7      | Killed a hippogriff
  3374 | D:7      | Reached XP level 8. HP: 32/41 MP: 11/11
  3739 | D:6      | Reached skill level 7 in Maces & Flails
  3939 | D:5      | Entered Level 5 of the Dungeon
  4066 | D:4      | Found Purph's Gadget Emporium.
  4070 | D:4      | Found Pekytaj's Antique Weapon Shoppe.
  4388 | D:5      | Noticed Grinder
  4415 | D:5      | Killed Grinder
  4739 | D:5      | Found an iron altar of Okawaru.
  4842 | D:5      | Noticed Sigmund
  4860 | D:5      | Killed Sigmund
  4872 | D:5      | Reached skill level 8 in Maces & Flails
  4872 | D:5      | Reached XP level 9. HP: 46/46 MP: 12/12
  4955 | D:5      | Found a staircase to the Ecumenical Temple.
  5078 | D:5      | Noticed Ijyb
  5107 | D:5      | Killed Ijyb
  5241 | D:5      | Found a radiant altar of Vehumet.
  5242 | D:5      | Found a shattered altar of Ashenzari.
  5242 | D:5      | Found a white marble altar of Elyvilon.
  5242 | D:5      | Found a snail-covered altar of Cheibriados.
  5248 | D:5      | Found a glowing silver altar of Zin.
  5316 | D:6      | Found a stormy altar of Qazlal.
  5470 | D:6      | Got an ichor-stained chain mail
  5481 | D:6      | Identified the cursed +1 chain mail of Servitude {Regen+} (You found it on level 6 of the Dungeon)
  5704 | D:6      | Found a blossoming altar of Fedhas.
  5947 | D:7      | Noticed Joseph
  5983 | D:6      | Reached skill level 5 in Fighting
  6017 | D:6      | Killed Joseph
  6017 | D:6      | Reached skill level 5 in Armour
  6210 | D:7      | Gained mutation: Your muscles are strong. (Str +2) [potion of mutation]
  6210 | D:7      | Gained mutation: You tend to lose your temper in combat. [potion of mutation]
  6210 | D:7      | Gained mutation: You are somewhat resistant to further mutation. [potion of mutation]
  6416 | D:6      | Reached skill level 9 in Maces & Flails
  6603 | D:7      | Noticed Prince Ribbit
  6621 | D:7      | Killed Prince Ribbit
  6831 | D:8      | Reached XP level 10. HP: 41/54 MP: 13/13
  6922 | D:8      | Reached skill level 5 in Dodging
  7020 | D:8      | Noticed no0bjke's ghost (novice GrFi)
  7052 | D:8      | Killed no0bjke's ghost
  7052 | D:8      | Reached skill level 10 in Maces & Flails
  7211 | D:8      | Reached *** piety under Hepliaklqana
  7341 | D:8      | Found a stormy altar of Qazlal.
  7410 | D:8      | Noticed a two-headed ogre
  7419 | D:8      | Killed a two-headed ogre
  8104 | D:9      | Noticed a dagger
  8104 | D:9      | Noticed a dagger
  8307 | D:9      | Found Lianuics's Distillery.
  8310 | D:9      | Bought a potion of mutation for 96 gold pieces
  8310 | D:9      | Bought a potion of might for 48 gold pieces
  8539 | D:9      | Found a hide-covered altar of Uskayaw.
  8551 | D:9      | Reached skill level 11 in Maces & Flails
  8700 | D:10     | Entered Level 10 of the Dungeon
  8707 | D:10     | Reached XP level 11. HP: 60/60 MP: 14/14
  8764 | D:10     | Reached skill level 1 in Invocations
  8915 | D:10     | Noticed a two-headed ogre
  8926 | D:10     | Killed a two-headed ogre
  9480 | D:11     | Reached **** piety under Hepliaklqana
  9555 | D:11     | Noticed a green ugly thing
  9562 | D:11     | Killed a green ugly thing
  9685 | D:11     | Noticed a cyclops
  9729 | D:11     | Killed a cyclops
  9785 | D:11     | Found an iron altar of Okawaru.
 10145 | D:11     | Noticed a soul eater
 10195 | D:11     | Found a staircase to the Lair.
 10316 | Lair:1   | Entered Level 1 of the Lair of Beasts
 10361 | Lair:1   | Learned a level 3 spell: Regeneration
 10522 | Lair:1   | Reached skill level 12 in Maces & Flails
 10603 | Lair:1   | Reached ***** piety under Hepliaklqana
 11023 | Lair:1   | Reached XP level 12. HP: 47/67 MP: 13/15
 11490 | Lair:2   | Found a staircase to the Swamp.
 12076 | Lair:3   | Reached skill level 5 in Invocations
 12214 | Lair:3   | Found a hole to the Spider Nest.
 12749 | Lair:4   | Reached skill level 13 in Maces & Flails
 12822 | Lair:4   | Found a sparkling altar of Nemelex Xobeh.
 13290 | Lair:4   | Noticed Artagas's ghost (journeyman MiBe)
 13334 | Lair:4   | Killed Artagas's ghost
 13462 | Lair:4   | Reached XP level 13. HP: 64/73 MP: 16/16
 13509 | Lair:4   | Reached skill level 10 in Armour
 13902 | Lair:4   | Reached skill level 10 in Fighting
 14837 | Lair:5   | Reached ****** piety under Hepliaklqana
 15712 | Lair:6   | Entered Level 6 of the Lair of Beasts
 15929 | Lair:6   | Noticed Kirke
 15955 | Lair:5   | Reached skill level 14 in Maces & Flails
 16053 | Lair:5   | Killed Kirke
 16250 | Lair:6   | Found a runed door.
 16252 | Lair:6   | Found a viscous altar of Jiyva.
 16253 | Lair:6   | Found a staircase to the Slime Pits.
 16773 | Lair:6   | Gained mutation: Your large and strong wings let you fly indefinitely. [Gargoyle growth]
 16773 | Lair:6   | Reached XP level 14. HP: 69/79 MP: 19/19
 18055 | Lair:6   | Reached skill level 15 in Maces & Flails
 19737 | D:12     | Noticed Azrael
 19808 | D:12     | Killed from afar by Azrael

Skill      XL: |  1  2  3  4  5  6  7  8  9 10 11 12 13 14 |
---------------+-------------------------------------------+-----
Maces & Flails | 1 2 3 5 6 8 9 11 12 13 14 15 | 15.3
Fighting       | 2 3 4 6 7 8 9 10 11 | 11.7
Armour         | 1 3 4 5 7 8 9 10 11 | 11.5
Dodging        | 2 4 5 6 7 8 9 |  9.5
Invocations    | 4 5 7 8 |  8.0
Stealth        | |  2.1
Spellcasting   | |  2.0
Summonings     | |  3.6

Action                   |  1- 3 |  4- 6 |  7- 9 | 10-12 | 13-15 || total
-------------------------+-------+-------+-------+-------+-------++-------
Melee: Mace              |    75 |   182 |   435 |    62 |       ||   754
       Unarmed           |     6 |       |     8 |       |     1 ||    15
       Morningstar       |       |       |       |   744 |  1065 ||  1809
 Cast: Summon Small Mamm |     4 |       |       |       |       ||     4
Invok: Recall Ancestor   |       |     1 |       |     1 |     3 ||     5
       Ancestor Life: He |       |     1 |       |       |       ||     1
       Transference      |       |       |       |     1 |       ||     1
       Idealise          |       |       |       |     1 |     1 ||     2
 Abil: Fly               |       |       |       |       |     1 ||     1
  Use: Potion            |     3 |     1 |     2 |     5 |     5 ||    16
       Scroll            |       |    10 |     3 |     7 |     4 ||    24
 Stab: Sleeping          |     1 |     1 |     1 |       |       ||     3
       Confused          |       |       |     6 |     8 |    11 ||    25
       Distracted        |       |       |     3 |    15 |    10 ||    28
  Eat: Chunk             |     1 |     6 |    13 |    22 |    18 ||    60
       Fruit             |       |       |       |       |     3 ||     3
Armor: Robe              |    16 |       |       |       |       ||    16
       Ring mail         |    33 |    23 |       |       |       ||    56
       Chain mail        |       |   103 |   284 |   423 |   333 ||  1143
       Acid dragon scale |       |       |       |       |    23 ||    23
       Plate armour      |       |       |       |       |   412 ||   412
Dodge: Dodged            |    56 |    70 |   129 |   300 |   478 ||  1033
